 Dungeon Crawl Stone Soup version 0.28-a0-1510-gd0f6b136d3 (webtiles) character file.

Game seed: 1285828425839542389

1780 ryw the Conjurer (level 8, -13/61 HPs)
             Began as a Demigod Conjurer on Jan 16, 2022.
             Killed by divine providence
             ... invoked by an orc priest
              (14 damage)
             ... on level 7 of the Dungeon.
             The game lasted 00:22:12 (8904 turns).

ryw the Conjurer (Demigod Conjurer)                 Turns: 8904, Time: 00:22:13

Health: -13/61     AC: 10    Str:  8    XL:     8   Next: 51%
Magic:  16/27      EV: 13    Int: 28    God:
Gold:   232        SH:  0    Dex: 12    Spells: 8/16 levels left

rFire   . . .      SeeInvis +   r - +3 mace (protect)
rCold   . . .      Faith    .   (no shield)
rNeg    . . .      Spirit   .   m - +2 robe {Will+}
rPois   .          Reflect  .   l - +2 hat
rElec   .          Harm     .   x - +0 cloak
rCorr   .          Rampage  .   n - +1 pair of gloves
Will    +....                   p - +0 pair of boots
Stlth   ++........              (no amulet)
HPRegen 0.20/turn               s - ring of see invisible
MPRegen 0.20/turn               v - ring of magical power

@: marked, mesmerised
A: high mp 1, forlorn, divine attributes
a: no special abilities


You were on level 7 of the Dungeon.
You visited 1 branch of the dungeon, and saw 7 of its levels.

You collected 409 gold pieces.
You spent 177 gold pieces at shops.

Inventory:

Hand Weapons
 a - a +1 vampiric hand axe
 g - a +1 dagger of venom
 q - a +2 long sword of electrocution
 r - a +3 mace of protection (weapon)
Missiles
 e - 7 poisoned darts
 u - a throwing net
Armour
 l - a +2 hat (worn)
 m - a +2 robe of willpower (worn)
 n - a +1 pair of gloves (worn)
 p - a +0 pair of boots (worn)
 x - a +0 cloak (worn)
Jewellery
 s - a ring of see invisible (left hand)
 v - a ring of magical power (right hand)
 z - a ring of protection from fire
Wands
 t - a wand of polymorph (12)
Scrolls
 b - a scroll of teleportation
 c - 2 scrolls of magic mapping
 y - a scroll of silence {unknown}
Potions
 d - a potion of mutation
 f - 2 potions of flight
 i - a potion of haste
 j - a potion of magic
 k - a potion of invisibility
 o - a potion of ambrosia {unknown}
 w - a potion of curing


   Skills:
 + Level 2.0 Fighting
 + Level 3.8 Dodging
 - Level 2.0 Stealth
 + Level 4.5 Spellcasting
 - Level 6.3 Conjurations
 * Level 6.2 Summonings


You had 8 spell levels left.
You knew the following spells:

 Your Spells              Type           Power      Damage    Failure   Level
a - Magic Dart            Conj           100%       1d8       1%          1
b - Searing Ray           Conj           84%        2d7       1%          2
c - Summon Forest         Summ/Tloc      11%        N/A       47%         5

Your spell library contained the following spells:

 Spells                   Type           Power      Damage    Failure   Level
 Dazzling Flash           Conj/Hex       48%        N/A       6%          3
 Animate Skeleton         Necr           12%        N/A       7%          1
 Pain                     Necr           24%        1d5       7%          1
 Slow                     Hex            24%        N/A       7%          1
 Sublimation of Blood     Necr           6%         N/A       11%         2
 Wereblood                Tmut           6%         N/A       11%         2
 Fulminant Prism          Conj/Hex       12%        3d9       19%         4
 Iskenderun's Mystic Bla  Conj/Tloc      24%        2d7       19%         4
 Confusing Touch          Hex            6%         N/A       22%         3
 Vampiric Draining        Necr           6%         2d6       22%         3
 Summon Mana Viper        Hex/Summ       23%        N/A       47%         5
 Summon Cactus Giant      Summ           20%        N/A       63%         6
 Summon Hydra             Summ           20%        N/A       99%         7


Dungeon Overview and Level Annotations

Branches:
Dungeon (7/15)             Temple (0/1) D:7

Shops:
D:1 [   D:2 (   D:3 *

Annotations:
D:3 2 transporters, croobank's ghost, weakling OpSu
D:6 2 runed translucent doors, comborobin's ghost, novice MiDe
D:7 Harold; Maggie


Innate Abilities, Weirdness & Mutations

You have an increased reservoir of magic. (+10% MP)
You shall have no god before yourself.
Your divine heritage dramatically boosts your attributes as you level up.


Message History

A bullfrog comes into view.
Casting: Searing Ray (safe; 1% risk of failure)
Confirm with . or Enter, or press ? or * to list all spells.
Aiming: Searing Ray (safe; 1% risk of failure)
Press: ? - help, Shift-Dir - straight line, f - Maggie
Aim: Maggie, wielding a +0 scimitar, wearing +0 steam dragon scales and carrying a wand of mindburst (20) (lightly wounded, mesmerising, 82% to hit)
The searing ray hits Maggie!
Maggie is heavily wounded. (Press . to maintain the ray.) Maggie zaps a wand.
Your mind is blasted!
The searing ray hits Maggie!
Maggie is heavily wounded.
An orc priest comes into view. It is wielding a +0 trident.
The searing ray hits Maggie.
Maggie is severely wounded.
Maggie drinks a potion.
Maggie is healed!
The searing ray misses the bullfrog.
The searing ray hits Maggie.
Maggie is moderately wounded.
The searing ray hits the orc warrior.
The orc warrior is lightly wounded.
You finish channelling your searing ray.
The orc priest mumbles some strange prayers to Beogh against you.
Beogh smites you!
* * * LOW HITPOINT WARNING * * *
The bullfrog hits you.
* * * LOW HITPOINT WARNING * * *
Casting: Searing Ray (safe; 1% risk of failure)
Confirm with . or Enter, or press ? or * to list all spells.
Aiming: Searing Ray (safe; 1% risk of failure)
Press: ? - help, Shift-Dir - straight line, f/p - Maggie
Aim: Maggie, wielding a +0 scimitar, wearing +0 steam dragon scales and carrying a wand of mindburst (19) (moderately wounded, mesmerising, 82% to hit)
The searing ray misses the bullfrog.
The searing ray hits Maggie.
Maggie is moderately wounded.
The searing ray hits the orc warrior.
The orc warrior is heavily wounded. (Press . to maintain the ray.)
The bullfrog closely misses you.
The orc priest calls down the wrath of Beogh upon you.
Beogh smites you!
You die...

. # # ########## .# #
.........####...###### ##
....................>###.
.........##...#..........
.......@.# ###'####.###|
...o..oF@# .@... #.# #.
...###+### ...... #.# #.
... ......##(###. o.
#(.......##. #........##.
#..[.....##. #........##.
#........... #...(....###


You could see Maggie (mesmerising), an orc warrior, a bullfrog and an orc
priest.

Vanquished Creatures
  Grinder (D:3)
  A wyvern (D:7)
  2 water moccasins (D:6)
  2 ogres
  A phantom (D:5)
  2 bullfrogs
  2 water moccasin zombies (D:5)
  2 water moccasin skeletons (D:5)
  A centaur zombie (D:5)
  A jelly (D:6)
  An orc priest (D:5)
  A bullfrog zombie (D:7)
  A hound (D:5)
  2 centaur skeletons
  2 bullfrog skeletons
  An iguana (D:5)
  A scorpion zombie (D:5)
  Terence (D:3)
  A howler monkey skeleton (D:7)
  15 gnolls
  3 adders
  2 white imps
  An ufetubus (D:6)
  4 worms
  3 dart slugs
  6 orcs
  5 bats
  7 endoplasms
  4 giant cockroaches
  5 hobgoblins
  A quokka (D:3)
  7 ball pythons
  4 frilled lizards
  6 goblins
  8 kobolds
  8 rats
115 creatures vanquished.

Notes
Turn   | Place    | Note
-------+----------+-------------------------------------------
     0 | D:1      | ryw the Demigod Conjurer began the quest for the Orb.
     0 | D:1      | Reached XP level 1. HP: 14/14 MP: 5/5
   352 | D:1      | Reached XP level 2. HP: 20/20 MP: 1/7
   724 | D:1      | Found Aheiwkua's Antique Armour Shoppe.
  1176 | D:1      | Learned a level 2 spell: Searing Ray
  1402 | D:2      | Reached XP level 3. HP: 26/26 MP: 6/8
  1784 | D:2      | Found Izxoysu's Weapon Shoppe.
  2877 | D:3      | Noticed an ogre
  2877 | D:3      | Noticed croobank's ghost (weakling OpSu)
  2877 | D:3      | Found a transporter.
  2877 | D:3      | Found a transporter.
  2878 | D:3      | Noticed an ogre
  3026 | D:3      | Reached XP level 4. HP: 23/33 MP: 3/10
  3134 | D:3      | Reached skill level 5 in Conjurations
  3296 | D:3      | Noticed Grinder
  3508 | D:3      | Found Paotauh's General Store.
  3508 | D:3      | Noticed Terence
  3516 | D:3      | Killed Terence
  3673 | D:3      | Bought a +2 robe of willpower for 177 gold pieces
  3959 | D:4      | Noticed a bullfrog
  3962 | D:4      | Killed a bullfrog
  3963 | D:4      | Reached XP level 5. HP: 38/38 MP: 6/12
  4212 | D:3      | Killed Grinder
  4213 | D:3      | Reached XP level 6. HP: 45/45 MP: 1/14
  4410 | D:3      | Learned a level 5 spell: Summon Forest
  4481 | D:4      | Reached skill level 1 in Summonings
  5613 | D:5      | Entered Level 5 of the Dungeon
  5907 | D:5      | Reached XP level 7. HP: 37/50 MP: 7/15
  6379 | D:6      | Reached skill level 1 in Fighting
  6705 | D:6      | Reached skill level 5 in Summonings
  6931 | D:6      | Found a large runed translucent door.
  6932 | D:6      | Found a large runed translucent door.
  6933 | D:6      | Noticed comborobin's ghost (novice MiDe)
  7074 | D:6      | Reached XP level 8. HP: 60/60 MP: 12/17
  8401 | D:7      | Noticed Harold
  8402 | D:7      | Noticed Maggie
  8699 | D:7      | Found a staircase to the Ecumenical Temple.
  8903 | D:7      | HP: 1/61 [bullfrog (6)]
  8904 | D:7      | Killed from afar by an orc priest

Illustrated notes

Levels and vault maps discovered:
D:1:      scummos_arrival_forest, layout_rooms, serial_shops,
          nicolae_shop_hallway_plus, basic_ecumenical_altar
D:2:      layout_basic, serial_shops, nicolae_square_shop,
          wander_ebering_terrifying_dragon_lair
D:3:      layout_loops_ring, gammafunk_ghost_smash, serial_shops, shop_coins,
          uniq_terence, uniq_grinder
D:4:      layout_loops_corners, hex_tiny, chequers_serial_rivers_room_a
D:5:      layout_loops_ring, kennysheep_generic_room_16
D:6:      layout_loops_ring, ebering_ghost_disaster_area, wad_floor_pattern_2
D:7:      layout_basic, minmay_temple_entry_wispy, uniq_maggie, uniq_harold

Skill      XL: |  1  2  3  4  5  6  7  8 |
---------------+-------------------------+-----
Dodging        | 2 3 |  3.8
Stealth        | 2 |  2.0
Spellcasting   | 2 3 4 |  4.5
Conjurations   | 4 5 6 |  6.3
Summonings     | 3 5 6 |  6.2
Fighting       | 1 2 |  2.0

Action                   |  1- 3 |  4- 6 |  7- 9 || total
-------------------------+-------+-------+-------++-------
Melee: Unarmed           |     2 |       |       ||     2
       Dagger            |    12 |     1 |       ||    13
       Punch             |     1 |       |       ||     1
       Mace              |       |       |    28 ||    28
 Cast: Magic Dart        |    92 |    11 |     2 ||   105
       Searing Ray       |     5 |    30 |    35 ||    70
  Use: Scroll            |       |     8 |     7 ||    15
       Potion            |       |       |     2 ||     2
 Stab: Sleeping          |       |     1 |       ||     1
Armor: Robe              |     2 |     5 |    57 ||    64
Dodge: Dodged            |    15 |    13 |    71 ||    99

Table legend: (Time is in decaauts)
 A = Elapsed time spent in this place.
 B = Non-inter-level travel time spent in this place.
 C = Inter-level travel time spent in this place.
 D = Time resting spent in this place.
 E = Time spent auto-exploring this place.
 F = Levels seen in this place.
 G = Mean time per level.
                   A        B        C        D        E       F      G
               +--------+--------+--------+--------+--------+-----+--------+
         Total |   8925 |   8470 |    455 |   1972 |   5088 |   7 | 1275.0 |
       Dungeon |   8925 |   8470 |    455 |   1972 |   5088 |   7 | 1275.0 |
               +--------+--------+--------+--------+--------+-----+--------+

Top non-repeatable levels by time:
     D:3: 1941 daAuts
     D:2: 1500 daAuts
     D:6: 1476 daAuts
     D:4: 1355 daAuts
     D:5: 1190 daAuts
     D:1: 963 daAuts
     D:7: 497 daAuts
